Unix NetHack Version 5.0.0-0 post-release - last build Jun 10 2026 00:39:30 (3ee93aec679c4c4259841fe613dc97188e26a321,branch:main).

Game began 2026-06-14 11:04:09, ended 2026-06-14 14:47:43.

Japes, lawful male human Monk

                                                                        ----
                                                                ---     |..|
                                                              ---.----  |..|
                                                              |......|  |-.|
                                                              -......| --..|
                                                              .... ..--|..--
                                                              --.. ...--.--
                                                               --.  .....|
                                                                     ....--
                                                                       ...--
                                                                       .<..|
                                                                       ....|
                                                                   ---   ..--
                                                                ----.--.....--
                                                               --...%..%@ ...|
                                                              --......... ..--
                                                              |.....--......|
                                                              --....|--.....|
                                                               --.--- |..----
                                                                ---   ----

Japes the Initiate              St:18/02 Dx:12 Co:13 In:9 Wi:14 Ch:12  Lawful
Dlvl:8  $:157 HP:0(37) Pw:35(35) AC:2  Xp:6/426 T:2743  Blind

Latest messages:
 An arrow shoots out at you!
 An arrow misses you.
 Really step onto that arrow trap? [yn] (n)
 You climb up the stairs.
 You kill the gnome!
 v - a potion of extra healing.
 You see here a black potion.
 w - a black potion.
 The yellow light explodes!
 You are blinded by a blast of light!
 You try to feel what is lying here on the floor.
 You feel here a gnome corpse.
 You descend the stairs.
 You descend the stairs.
 You hear a door open.
 You hear someone incant ETAOIN SHRDLU.
 You hear a distant zap.
 You hear a distant zap.
 You hear a chugging sound.
 It hits!
 You hit it.
 It misses!
 You kill it!
 You try to feel what is lying here on the floor.
 You feel here a hill orc corpse.
 You hear a distant zap.
 You notice a dog smell.
 You hear a distant zap.
 You feel an unseen monster!
 It hits!
 You hit it.
 You kill it!
 You hear a wolf howling at the moon.
 You try to feel what is lying here on the floor.
 x - an orcish helm.
 y - a potion.
 Something growls!
 You feel hemmed in.
 It bites!
 You feel feverish.
 You feel an unseen monster!
 It bites!
 It bites!
 It bites!
 It bites!
 It bites!
 You die...
 Do you want your possessions identified? [ynq] (y)
 Do you want to see your attributes? [ynq] (y)
 Do you want an account of creatures vanquished? [ynaq] (y)

Inventory:
 Coins    ('$')
  $ - 157 gold pieces
 Weapons  (')')
  I - a +0 crossbow bolt
  J - 26 +0 darts
  F - 9 +0 daggers
  P - a +0 aklys
  o - a rusty +0 long sword
 Armor    ('[')
  n - an uncursed +1 orcish helm (being worn)
  x - an uncursed +0 orcish helm
  a - an uncursed +2 pair of leather gloves (being worn)
  b - an uncursed +1 robe (being worn)
 Comestibles  ('%')
  f - 6 uncursed apples
  e - 2 uncursed food rations
  h - 4 uncursed fortune cookies
  E - an uncursed lembas wafer
  L - an uncursed melon
  g - 8 uncursed oranges
 Scrolls  ('?')
  p - an uncursed scroll of amnesia
  K - an uncursed scroll of confuse monster
  W - an uncursed scroll of create monster
  U - a cursed scroll of create monster
  u - 4 uncursed scrolls of identify
  N - an uncursed scroll of light
  j - an uncursed scroll of remove curse
  Q - an uncursed scroll of stinking cloud
  c - an uncursed scroll of teleportation
 Spellbooks  ('+')
  i - a blessed spellbook of protection
  Z - an uncursed spellbook of stone to flesh
 Potions  ('!')
  O - a blessed potion of enlightenment
  v - a cursed potion of extra healing
  D - an uncursed potion of full healing
  k - a blessed potion of gain ability
  s - an uncursed potion of gain energy
  y - an uncursed potion of hallucination
  d - 3 uncursed potions of healing
  q - a cursed potion of object detection
  w - a cursed potion of restore ability
  l - an uncursed potion of sickness
  X - an uncursed potion of water
 Wands    ('/')
  H - a wand of secret door detection (0:14)
  T - a wand of secret door detection (0:11)
  z - a wand of speed monster (0:6)
  m - a wand of striking (0:4)
 Tools    ('(')
  t - a cursed magic marker (0:54)
  M - an uncursed tallow candle
  S - an uncursed tin whistle
 Gems/Stones  ('*')
  G - 2 uncursed fluorite stones
  Y - an uncursed turquoise stone
  r - an uncursed worthless piece of black glass
  A - an uncursed worthless piece of orange glass
  R - 2 uncursed worthless pieces of red glass

Japes the Monk's attributes:

Background:
 You were an Initiate, a level 6 male human Monk.
 You were lawful, on a mission for Shan Lai Ching
 who was opposed by Chih Sung-tzu (neutral) and Huan Ti (chaotic).
 You were right-handed.
 You were in the Gnomish Mines, on level 8.
 You entered the dungeon 2743 turns ago.
 There was a new moon in effect when your adventure ended.
 You had 426 experience points, 214 more were needed to attain level 7.

Basics:
 You had 0 out of 37 hit points.
 You had all 35 energy points (spell power).
 Your armor class was 2.
 Your wallet contained 157 zorkmids.
 Autopickup was on for '$' plus thrown.

Final Characteristics:
 Your strength was 18/02 (limit:18/100).
 Your dexterity was 12 (limit:18).
 Your constitution was 13 (limit:18).
 Your intelligence was 9 (limit:18).
 Your wisdom was 14 (limit:18).
 Your charisma was 12 (limit:18).

Final Status:
 You were temporarily blind.
 You weren't hungry.
 You were unencumbered.
 You were empty handed.
 You had basic skill with martial arts and could have enhanced that.

Final Attributes:
 You were piously aligned.
 You were sleep resistant.
 You were poison resistant.
 You were level-drain resistant.
 You would have seen invisible when not blind.
 You were stealthy.
 You were guarded.
 Your spell casting was enhanced by wearing a robe.
 You were a werewolf.
 You were harmed by silver.
 You were fast.
 You are dead.

Miscellaneous:
 You didn't encounter any bones levels.
 Total elapsed playing time was 45 minutes and 44 seconds.

Major events:
 Turn
    1: Japes the lawful male human Monk entered the dungeon
  719: attained the rank of Novice (level 3)
 1317: entered the Gnomish Mines
 2515: attained the rank of Initiate (level 6)
 2527: reached Mine Town
 2743: killed by a werewolf

Spells:
 Name                 Level Category     Fail Retention
 protection             1   clerical       0%  76%-100%

Skills:
 Fighting Skills
   martial arts       [Basic]
 Weapon Skills
   quarterstaff       [Unskilled]
   spear              [Unskilled]
   crossbow           [Unskilled]
   shuriken           [Unskilled]
 Spellcasting Skills
   attack spells      [Unskilled]
   healing spells     [Basic]
   divination spells  [Unskilled]
   enchantment spells [Unskilled]
   clerical spells    [Unskilled]
   escape spells      [Unskilled]
   matter spells      [Unskilled]

Voluntary challenges:
 Character rerolling was not enabled.
 You were vegetarian.
 You never hit with a wielded weapon.
 You never genocided any monsters.
 You never polymorphed an object.
 You never changed form.
 You used no wishes.
Achievements:
 You attained the rank of Novice.
 You entered the Gnomish Mines.
 You entered a shop.
 You attained the rank of Initiate.
 You entered Minetown.

 The Dungeons of Doom: levels 1 to 5
    Level 1:
       Some altars to Shan Lai Ching.
    Level 2:
       A fountain.
    Level 3:
    Level 4:
       A general store.
       Stairs down to The Gnomish Mines.
    Level 5:
 The Gnomish Mines: levels 5 to 8
    Level 5:
    Level 6:
    Level 7:
    Level 8: <- You were here.
       Final resting place for
          you, killed by a werewolf.


Vanquished creatures:
  a water nymph
  a yellow light
  a gnome leader
  a gnomish wizard
  a gray ooze
  a floating eye
  8 hill orcs
  a rothe
  3 giant bats
  2 iguanas
  4 coyotes
  a gas spore
  a hobbit
  2 giant rats
  a cave spider
  2 brown molds
  a yellow mold
  a red mold
 18 gnomes
  3 garter snakes
  5 geckos
  4 jackals
  a fox
  2 goblins
  3 sewer rats
  5 grid bugs
  2 bats
  3 lichens
  a kobold zombie
  5 newts
85 creatures vanquished.

No species were genocided or became extinct.

Game over:
                       ----------
                      /          \
                     /    REST    \
                    /      IN      \
                   /     PEACE      \
                  /                  \
                  |      Japes       |
                  |      157 Au      |
                  |   killed by a    |
                  |     werewolf     |
                  |                  |
                  |                  |
                  |       2026       |
                 *|     *  *  *      | *
        _________)/\\_//(\/(/\)/\//\/|_)_______

Goodbye Japes the Monk...

You died in The Gnomish Mines on dungeon level 8 with 2206 points,
and 157 pieces of gold, after 2743 moves.
You were level 6 with a maximum of 37 hit points when you died.

